 Dungeon Crawl Stone Soup version 0.22-a0-779-g6f83d72c62 (webtiles) character file.

5765 Htamos the Fighter (level 11, -13/130 HPs)
             Began as a Human Berserker on July 19, 2018.
             Was an Elder of Trog.
             Killed from afar by Erica (20 damage)
             ... with a bolt of poison
             ... on level 9 of the Dungeon.
             The game lasted 00:27:45 (9919 turns).

Htamos the Fighter (Human Berserker)                Turns: 9919, Time: 00:27:45

Health: -13/130    AC: 11    Str: 22      XL:     11   Next: 6%
Magic:  11/11      EV: 17    Int:  7      God:    Trog [****..]
Gold:   459        SH:  0    Dex: 16 (17) Spells: 10/10 levels left

rFire    . . .     SeeInvis .   i - +2 whip (venom)
rCold    . . .     Gourm    .   (no shield)
rNeg     . . .     Faith    .   G - +1 troll leather armour {Purgy}
rPois    .         Spirit   .   N - +0 helmet
rElec    .         Reflect  .   U - +1 cloak
rCorr    .         Harm     .   (no gloves)
MR       ++...                  O - +0 pair of boots
Stlth    ..........             (no amulet)
HPRegen  1.71/turn              h - ring of flight
MPRegen  0.12/turn              (no ring)

@: berserking (expiring), lethally poisoned (-13 -> -14), regenerating, very
quick
A: no striking features
a: Berserk, Trog's Hand, Brothers in Arms, Renounce Religion, Evoke Flight


You were on level 9 of the Dungeon.
You worshipped Trog.
Trog was greatly pleased with you.
You were near starving.

You visited 2 branches of the dungeon, and saw 10 of its levels.
You also visited: Sewer.

You collected 549 gold pieces.
You spent 90 gold pieces at shops.

Inventory:

Hand Weapons
 a - a +0 hand axe
 f - a +2 dagger of electrocution
 i - a +2 whip of venom (weapon)
 r - a +0 long sword
 B - a +1 whip of electrocution
 D - the +6 mace "Locem" {crush, rC+ MP+9}
   (You found it on level 5 of the Dungeon)

   It inflicts extra damage upon your enemies.
   It protects you from cold.
   It affects your magic capacity (+9).
 E - a +0 blowgun
 K - a +2 flail of crushing
 P - a +2 whip of flaming
Missiles
 e - 3 javelins (quivered)
 F - 18 poisoned needles
Armour
 b - a +0 animal skin
 l - a +0 chain mail
 n - a +0 scale mail
 p - a +0 ring mail
 y - a +1 cloak
 G - a +1 troll leather armour (worn) {Purgy}
 N - a +0 helmet (worn)
 O - a +0 pair of boots (worn)
 R - a scarf of cloud immunity
 U - a +1 cloak (worn)
Magical Staves
 Q - an uncursed staff of cold
Jewellery
 h - a ring of flight (left hand)
Wands
 g - a wand of acid (1)
 s - a wand of polymorph (6)
Scrolls
 d - 2 scrolls of immolation {unknown}
 q - 2 scrolls of fog {unknown}
 u - 3 scrolls of teleportation {unknown}
 v - a scroll of enchant weapon
 w - 8 scrolls of remove curse {unknown}
 x - 3 scrolls of fear {unknown}
 A - a scroll of random uselessness
 C - a scroll of identify
 J - a scroll of magic mapping {unknown}
 T - a scroll of summoning {unknown}
Potions
 j - 3 potions of lignification
 k - 3 potions of curing
 m - a potion of heal wounds
 o - a potion of invisibility
 t - a potion of resistance
 z - 2 potions of brilliance
 H - 2 potions of flight {unknown}
 I - a potion of mutation
 L - 2 potions of haste {unknown}
 M - a potion of magic {unknown}
 S - a potion of degeneration {unknown}
Comestibles
 c - 10 rations
 V - 12 chunks of flesh


   Skills:
 + Level 8.6 Fighting
 + Level 8.5 Axes
 + Level 8.2 Armour
 + Level 8.1 Dodging


You had 10 spell levels left.
You didn't know any spells.
Your spell library was empty.

Dungeon Overview and Level Annotations

Branches:
Dungeon (9/15)             Temple (1/1) D:7            Lair (0/6) D:9
    Orc: D:9-12

Altars:
Ashenzari
Cheibriados
Dithmenos
Elyvilon
Fedhas
Gozag
Hepliaklqana
Kikubaaqudgha
Makhleb
Nemelex Xobeh
Okawaru
Qazlal
Ru
Sif Muna
Trog
Uskayaw
Vehumet
Wu Jian
Xom
Yredelemnul
Zin
The Shining One

Shops:
D:6 [

Annotations:
D:9 Erica


Message History

* * * LOW HITPOINT WARNING * * *
Something burns you.
* * * LOW HITPOINT WARNING * * *
You barely miss something.
You feel sick.
You barely miss something. Something barely misses you.
You are too berserk!
You whack something!
You feel sick.
You whack something!
You hear some strange, mumbled words.
An orb of energy appears from out of thin air!
The orb of energy hits you!
* * * LOW HITPOINT WARNING * * *
The orb of energy explodes!
The mystic blast hits the plant.
You hit something.
You feel sick.
You are near starving!
You hear some strange, mumbled words.
A bolt of poison appears from out of thin air!
The bolt of poison hits you!
You are more poisoned.
You die...

....P.>.....#÷##
P........####...#
.........# #...#
.....P...## #...#####
...P....P.# #.........
PP.PPP.♣..###..(#####.
(.>..P.P.P...........
.....P...÷÷..........
...PP..@.♣...........
..PP.P.P.{(##...#####
...P.....####.......
........## #...####
.(..P.P## #...#
P.%P.## .... ####.
#.... #. ..#.#


There were no monsters in sight!

Vanquished Creatures
  A two-headed ogre (D:7)
  Pikel (D:6)
  Maurice (D:8)
  A wraith (D:8)
  A basilisk (D:9)
  Edmund (D:6)
  3 porcupines (D:9)
  Purgy (Sewer)
  A slave (D:6)
  2 sky beasts
  An ice beast (D:6)
  3 black bears (D:9)
  3 phantoms
  5 ogres
  2 wolves
  2 crocodiles (D:9)
  6 bullfrogs
  A gnoll sergeant (D:5)
  2 scorpions
  5 jellies
  A howler monkey (D:6)
  4 crimson imps
  2 quasits
  A hound (D:8)
  2 bullfrog skeletons
  An orc priest (D:7)
  9 orc wizards
  A centaur skeleton (D:6)
  Terence (D:2)
  3 iguanas
  8 worker ants
  A hound skeleton (D:8)
  11 gnolls
  A howler monkey skeleton (D:6)
  7 adders
  3 shadow imps
  2 oozes
  An adder skeleton (D:6)
  2 adder zombies
  2 worms
  2 dart slugs
  3 leopard geckos
  28 orcs
  5 giant cockroaches
  9 goblins
  9 hobgoblins
  14 jackals
  11 kobolds
  2 quokkas
  A ball python (D:3)
  4 bats
  5 frilled lizards
  A leopard gecko skeleton (D:7)
  2 quokka skeletons
  7 rats
209 creatures vanquished.

Vanquished Creatures (others)
  2 slaves (D:6)
  A centaur (D:6)
  A bullfrog (D:6)
  A hound (D:6)
  A leopard gecko (D:6)
  2 jackals (D:6)
8 creatures vanquished.

Grand Total: 217 creatures vanquished

Notes
Turn   | Place    | Note
-------+----------+-------------------------------------------
     0 | D:1      | Htamos the Human Berserker began the quest for the Orb.
     0 | D:1      | Reached XP level 1. HP: 18/18 MP: 1/1
    76 | D:1      | Reached XP level 2. HP: 16/24 MP: 2/2
   464 | D:1      | Reached XP level 3. HP: 25/29 MP: 3/3
  1048 | D:2      | Reached ** piety under Trog
  1065 | D:2      | Reached XP level 4. HP: 12/35 MP: 4/4
  1352 | D:2      | Noticed Terence
  1363 | D:2      | Killed Terence
  1472 | D:2      | Reached XP level 5. HP: 42/42 MP: 5/5
  2389 | D:3      | Found a faded altar of an unknown god.
  2461 | D:3      | Reached XP level 6. HP: 43/48 MP: 6/6
  3193 | D:4      | Noticed an ogre
  3215 | D:4      | Killed an ogre
  3440 | D:4      | Reached XP level 7. HP: 42/55 MP: 7/7
  3674 | D:4      | Reached *** piety under Trog
  4237 | D:5      | Entered Level 5 of the Dungeon
  4353 | D:5      | Reached skill level 5 in Fighting
  4354 | D:5      | Reached skill level 5 in Axes
  4373 | D:5      | Reached XP level 8. HP: 21/62 MP: 8/8
  4743 | D:5      | Got a pitted mace
  4744 | D:5      | Identified the +6 mace "Locem" {crush, rC+ MP+9} (You found it on level 5 of the Dungeon)
  4859 | D:5      | Found a glowing drain.
  4900 | Sewer    | Entered a sewer
  5011 | Sewer    | Noticed Purgy
  5026 | Sewer    | Killed Purgy
  5419 | D:5      | Found a sacrificial altar of Ru.
  5424 | D:5      | Reached skill level 5 in Armour
  5737 | D:6      | Noticed Pikel
  5773 | D:6      | Killed Pikel
  5773 | D:6      | Reached skill level 5 in Dodging
  5773 | D:6      | Reached XP level 9. HP: 36/69 MP: 9/9
  5872 | D:6      | Found Istrouqipn's Antique Armour Emporium.
  6418 | D:6      | Noticed Edmund
  6430 | D:6      | Killed Edmund
  7167 | D:6      | Bought a pair of boots for 90 gold pieces
  7199 | D:7      | Reached **** piety under Trog
  7440 | D:7      | Reached XP level 10. HP: 70/79 MP: 10/10
  7727 | D:7      | Found a staircase to the Ecumenical Temple.
  7785 | Temple   | Entered the Ecumenical Temple
  8067 | D:7      | Noticed a two-headed ogre
  8145 | D:7      | Killed a two-headed ogre
  8891 | D:8      | Found a sacrificial altar of Ru.
  8911 | D:8      | Noticed Maurice
  9137 | D:8      | Killed Maurice
  9382 | D:8      | Noticed a two-headed ogre
  9793 | D:9      | Reached XP level 11. HP: 54/87 MP: 11/11
  9803 | D:9      | Found a staircase to the Lair.
  9874 | D:9      | Noticed Erica
  9917 | D:9      | HP: 6/130 [something/orb of energy (14)]
  9919 | D:9      | Killed from afar by Erica

Vault maps used:
D:1:      dpeg_arrival_shelter
D:2:      minivault_14, uniq_terence
D:3:      chequers_ecumenical_altar_twisty, first_ration
D:5:      hangedman_ru_absence, gup_sewer_entry_glass,
          minmay_misc_feat_secret_circle, minivault_19
D:6:      serial_shops, nicolae_shop_statue_plus, uniq_pikel, uniq_edmund
D:7:      temple_hall_moat
D:8:      basic_altar, uniq_maurice
D:9:      minmay_lair_entry_grove, basic_altar, uniq_erica, uniq_psyche
Temple:   compressed_dpeg_triangle_lava_temple
Sewer:    kennysheep_door_sewer

Skill      XL: |  1  2  3  4  5  6  7  8  9 10 |
---------------+-------------------------------+-----
Armour         | 3 4 5 6 8 |  8.2
Dodging        | 3 4 5 6 8 |  8.1
Fighting       | 4 5 6 7 8 |  8.6
Axes           | 4 5 6 7 8 |  8.5

Action                   |  1- 3 |  4- 6 |  7- 9 | 10-12 || total
-------------------------+-------+-------+-------+-------++-------
Melee: Hand axe          |    16 |       |       |       ||    16
       Dagger            |    21 |       |     3 |       ||    24
       Whip              |    26 |   133 |   300 |   234 ||   693
       Mace              |       |       |    38 |    71 ||   109
       Unarmed           |       |       |       |     6 ||     6
 Fire: Blowgun           |       |       |       |     6 ||     6
Invok: Berserk           |     1 |     1 |     2 |     2 ||     6
       Trog's Hand       |       |     2 |     2 |     1 ||     5
Evoke: Wand              |       |       |     3 |     9 ||    12
  Use: Scroll            |       |       |    12 |       ||    12
       Potion            |       |       |     1 |     2 ||     3
 Stab: Sleeping          |     1 |       |     1 |     1 ||     3
       Distracted        |       |       |       |     1 ||     1
  Eat: Chunk             |     1 |     9 |    16 |     9 ||    35
Armor: Animal skin       |     3 |       |       |       ||     3
       Scale mail        |       |    12 |       |       ||    12
       Ring mail         |       |    29 |    34 |       ||    63
       Troll leather arm |       |       |    49 |   112 ||   161
Dodge: Dodged            |    21 |    72 |   221 |   254 ||   568

Table legend:
 A = Spawn XP
 B = Non-spawn XP
 C = Spawn XP percentage of total XP
 D = Spawn monster count
 E = Non-spawn monster count
 F = Spawn count percentage of total count
 G = Total turns spent on level
                    A         B        C        D         E        F      G
               +---------+---------+-------+---------+---------+-------+---------
         Total |       0 |    8237 |   0.0 |       0 |     208 |   0.0 |  9919
               +---------+---------+-------+---------+---------+-------+---------
           D:1 |       0 |      33 |   0.0 |       0 |      18 |   0.0 |   712
           D:2 |       0 |     166 |   0.0 |       0 |      25 |   0.0 |  1354
           D:3 |       0 |      81 |   0.0 |       0 |      20 |   0.0 |  1065
           D:4 |       0 |     557 |   0.0 |       0 |      20 |   0.0 |  1381
           D:5 |       0 |     480 |   0.0 |       0 |      18 |   0.0 |  1025
           D:6 |       0 |    2175 |   0.0 |       0 |      35 |   0.0 |  1493
           D:7 |       0 |    1616 |   0.0 |       0 |      25 |   0.0 |   979
           D:8 |       0 |    1511 |   0.0 |       0 |      23 |   0.0 |  1172
           D:9 |       0 |    1452 |   0.0 |       0 |      18 |   0.0 |   457
         Sewer |       0 |     166 |   0.0 |       0 |       6 |   0.0 |   168
               +---------+---------+-------+---------+---------+-------+---------
